Map: King's Cove LE

Players

David (iPlayDefense) - Winner!

  • Race: Terran Terran
  • Spawn Location: 5:00

VOD

Have the link to the VOD?

Description

Time

  • Played on: April 9, 2025, 10:12 a.m.
  • Length: 52:14
Show
View Real Time Build Order
Export as new Build Order

David Terran - Winner!

Build Orders:  

Get SALT Encoding   

  12  0:04  SCV  
  13  0:24  Supply Depot  
  13  0:32  SCV  
  14  0:49  SCV  
  15  1:02  Barracks  
  15  1:06  SCV  
  16  1:23  SCV  
  17  1:46  SCV  
  18  2:03  SCV  
  18  2:09  Refinery  
  19  2:19  Engineering Bay  
  19  2:20  SCV  
  20  2:39  SCV  
  22  2:56  SCV  
  22  3:01  Refinery  
  22  3:06  Supply Depot  
  22  3:11  Barracks Reactor  
  22  3:13  SCV  
  23  3:37  Supply Depot  
  23  3:41  SCV  
  24  3:58  SCV  
  25  4:02  Marine  
  25  4:03  Marine  
  27  4:11  Command Center  
  27  4:15  SCV  
  28  4:27  Marine  
  28  4:28  Marine  
  30  4:32  SCV  
  30  4:36  Bunker  
  31  4:49  SCV  
  32  4:52  Marine  
  32  4:53  Marine  
  34  5:14  SCV  
  34  5:17  Marine  
  34  5:18  Marine  
  37  5:26  Bunker  
  37  5:31  SCV  
  38  5:48  SCV  
  39  5:52  SCV  
  39  5:56  Refinery  
  39  5:57  Structure Armor  
  40  6:05  SCV  
  40  6:09  SCV  
  42  6:22  SCV  
  42  6:24  Missile Turret  
  42  6:26  SCV  
  42  6:28  Refinery  
  44  6:43  SCV x2  
  46  6:57  Terran Infantry Weapons Level 1  
  46  7:00  SCV x2  
  48  7:17  SCV x2  
  50  7:20  Factory  
  50  7:21  Missile Turret  
  50  7:34  SCV  
  50  7:39  Marine  
  52  7:40  Marine  
  53  7:51  Supply Depot  
  53  7:52  SCV  
  54  8:21  SCV x2, Marine x2  
  54  8:25  Supply Depot, Factory Tech Lab  
  58  8:32  Supply Depot  
  58  8:38  SCV x2  
  60  8:46  Marine x2  
  62  8:55  SCV  
  62  8:58  SCV  
  64  9:00  Supply Depot  
  64  9:04  Supply Depot  
  64  9:11  Marine x2  
  64  9:12  SCV  
  64  9:13  Siege Tank  
  64  9:15  SCV  
  71  9:29  SCV  
  72  9:32  SCV  
  72  9:37  Terran Infantry Armor Level 1  
  72  9:38  Supply Depot  
  73  9:49  SCV  
  74  9:58  Siege Tank  
  77  10:06  SCV  
  78  10:10  Supply Depot  
  78  10:22  Command Center  
  78  10:36  Marine  
  78  10:37  Marine  
  80  10:43  Siege Tank  
  83  11:01  Marine  
  83  11:02  Marine  
  83  11:08  Armory  
  85  11:26  Marine  
  85  11:27  Marine  
  85  11:28  Siege Tank  
  90  11:51  Marine  
  90  11:52  Marine  
  92  12:00  Orbital Command  
  92  12:04  Orbital Command  
  92  12:12  Command Center  
  92  12:13  Siege Tank  
  92  12:15  SCV  
  96  12:32  SCV  
  96  12:34  Terran Vehicle Weapons Level 1  
  97  12:44  Ghost Academy  
  97  12:49  SCV  
  98  13:06  SCV  
  98  13:08  SCV  
  100  13:15  SCV  
  101  13:22  Terran Infantry Weapons Level 2  
  101  13:23  SCV  
  101  13:25  SCV  
  103  13:32  SCV  
  103  13:39  Marine  
  105  13:41  Marine  
  105  13:42  SCV  
  105  13:48  SCV  
  108  13:56  Refinery  
  108  13:59  SCV  
  109  14:02  SCV  
  109  14:03  Barracks  
  109  14:04  Marine  
  109  14:05  SCV  
  109  14:06  SCV, Marine  
  113  14:16  SCV  
  113  14:19  SCV  
  94  14:22  SCV  
  94  14:28  Refinery  
  94  14:29  Marine  
  91  14:31  Marine  
  91  14:36  SCV  
  91  14:38  Siege Tank  
  93  14:53  SCV  
  93  14:54  Marine  
  93  14:56  Marine  
  95  15:09  Refinery  
  87  15:10  SCV  
  87  15:14  Terran Vehicle And Ship Armor Level 1  
  87  15:18  Barracks Tech Lab  
  82  15:22  Marine  
  82  15:23  Siege Tank, Marine  
  86  15:44  SCV  
  86  15:47  Marine  
  86  15:48  Marine  
  86  15:49  SCV  
  90  15:54  SCV  
  91  16:06  SCV  
  91  16:07  Siege Tank  
  91  16:09  Unknown  
  95  16:11  SCV  
  95  16:12  Marine  
  95  16:13  Marine  
  95  16:15  Marauder  
  100  16:23  SCV  
  100  16:28  SCV  
  102  16:32  Terran Infantry Armor Level 2  
  102  16:37  Marine  
  102  16:38  Marine  
  104  16:52  Siege Tank  
  107  17:29  Marine x2  
  109  17:33  Ghost  
  109  17:36  Supply Depot  
  109  17:37  Siege Tank  
  115  17:54  Marine x2  
  117  18:06  Supply Depot  
  117  18:13  Ghost  
  117  18:18  Marine  
  117  18:19  Marine  
  122  18:27  Thor  
  128  18:38  Supply Depot  
  128  18:43  Marine  
  128  18:44  Marine  
  130  18:53  Ghost  
  133  19:02  Stimpack  
  133  19:16  Marine  
  133  19:18  Marine  
  135  19:27  Thor  
  141  19:33  Ghost  
  144  19:41  Marine  
  144  19:43  Marine  
  144  19:46  Planetary Fortress, Factory  
  137  20:06  Marine  
  137  20:08  Marine  
  136  20:13  Ghost  
  136  20:27  Thor  
  139  20:30  Marine  
  139  20:32  Marine  
  141  21:10  Command Center  
  141  21:25  Marine  
  141  21:27  Marine, Thor  
  149  21:52  Concussive Shells  
  149  21:56  Supply Depot  
  149  22:26  Marine x2, Marauder  
  149  22:28  Supply Depot  
  153  22:50  Thor  
  153  22:51  Marine x2  
  153  22:56  Marauder  
  163  23:00  Supply Depot  
  163  23:06  Refinery  
  163  23:16  Marine x2  
  165  23:23  Refinery  
  165  23:26  Marauder  
  167  23:32  Supply Depot  
  167  23:39  Factory Tech Lab  
  167  23:56  Marauder  
  169  24:04  Supply Depot  
  169  24:13  Terran Vehicle Weapons Level 2  
  169  24:16  Terran Infantry Weapons Level 3  
  169  24:23  Hellion  
  169  24:25  Siege Tank, Marauder  
  176  24:32  Marine x2  
  176  24:37  Supply Depot  
  178  24:53  Hellbat  
  178  24:55  Marauder  
  178  24:56  Marine  
  178  24:57  Marine  
  180  25:09  Supply Depot, Infernal Pre-Igniter  
  163  25:10  Siege Tank  
  163  25:12  Hellion  
  165  25:21  Marine  
  165  25:22  Marine  
  165  25:23  Hellbat  
  165  25:25  Marauder  
  171  25:30  Hellion  
  171  25:40  Supply Depot  
  171  25:46  Marine  
  171  25:47  Marine  
  173  25:53  Hellbat  
  173  25:55  Siege Tank, Marauder  
  180  26:12  Supply Depot  
  180  26:17  Planetary Fortress  
  180  26:22  Hellbat  
  180  26:25  Marauder  
  182  26:33  Marine  
  182  26:34  Marine  
  184  26:40  Siege Tank  
  184  26:44  Supply Depot  
  187  26:52  Thor  
  187  26:57  Marauder  
  187  26:58  Marine  
  187  26:59  Marine  
  197  27:16  Supply Depot  
  197  27:23  Marine, Terran Vehicle And Ship Armor Level 2  
  197  27:24  Marine  
  199  27:43  Marine  
  199  27:49  Supply Depot  
  200  27:52  Personal Cloaking  
  200  27:56  Terran Infantry Armor Level 3  
  200  28:02  Drilling Claws  
  103  30:02  Starport  
  103  30:05  Starport x2  
  86  30:13  Starport  
  86  30:14  Starport  
  86  30:33  Terran Vehicle Weapons Level 3  
  86  30:56  Starport Tech Lab  
  86  30:57  Starport Tech Lab  
  86  30:59  Starport Tech Lab  
  86  31:04  Starport Tech Lab  
  86  31:06  Starport Tech Lab  
  86  31:14  Fusion Core  
  86  32:12  Unknown  
  86  32:21  Battlecruiser x3  
  86  32:22  Battlecruiser x2  
  116  33:01  Command Center  
  116  33:04  Refinery  
  116  33:06  Refinery  
  116  33:51  Battlecruiser x5  
  146  34:02  Unknown  
  146  34:13  Terran Ship Weapons Level 1  
  146  35:06  Command Center  
  146  35:19  Planetary Fortress  
  146  35:21  Battlecruiser x5  
  176  36:20  Refinery  
  176  36:33  Refinery  
  176  36:51  Battlecruiser x5  
  176  36:53  Terran Vehicle And Ship Armor Level 3  
  176  36:54  Weapon Refit  
  196  37:19  Command Center  
  136  40:31  Command Center  
  124  40:56  Battlecruiser  
  124  40:57  Battlecruiser x4  
  130  42:26  Battlecruiser  
  130  42:27  Battlecruiser x4  
  160  43:24  Planetary Fortress  
  160  43:27  Planetary Fortress  
  153  43:56  Battlecruiser  
  153  43:57  Battlecruiser x4  
  151  44:37  SCV  
  152  44:45  Refinery  
  152  44:54  SCV  
  153  45:04  SCV  
  154  45:11  SCV  
  155  45:21  SCV  
  155  45:22  Refinery  
  155  45:26  Battlecruiser  
  155  45:27  Battlecruiser x4  
  186  45:38  SCV  
  275  45:40  SCV  
  188  45:55  SCV  
  188  45:56  SCV  
  190  46:12  SCV  
  157  46:56  Battlecruiser  
  163  47:07  Battlecruiser x4  
  151  48:43  Battlecruiser  
  151  48:44  Battlecruiser  
  163  49:22  Battlecruiser  
Tags
 
Matchup
Co-op
Replay Pack
DaveSC2
Add a new tag
Caveats
  • Supply blocks, unpowered buildings, or Contaminate may cause inaccurate times.
  • Supply counts are checked every 10 seconds.